 Dungeon Crawl Stone Soup version 0.19.0-2-gae57169 (webtiles) character file.

28 dvd the Stinger (level 3, 0/22 HPs)
             Began as an Octopode Venom Mage on Nov 6, 2016.
             Slain by an adder (5 damage)
             ... on level 2 of the Dungeon.
             The game lasted 00:03:45 (1596 turns).

dvd the Stinger (Octopode Venom Mage)               Turns: 1596, Time: 00:03:46

Health: 0/22       AC:  1    Str:  7    XL:     3   Next: 14%
Magic:  3/6        EV: 12    Int: 18    God:
Gold:   80         SH:  3    Dex: 12    Spells: 2 memorised, 2 levels left

rFire  . . .     SeeInvis .     a - +0 short sword
rCold  . . .     Gourm    +     k - +0 buckler
rNeg   . . .     Faith    .     (helmet restricted)
rPois  .         Spirit   .     d - amulet of the gourmand
rElec  .         Reflect  .     (no ring)
rCorr  .         Harm     .     (no ring)
MR     .....                    (no ring)
Stlth  +++.......               (no ring)
                                (no ring)
                                (no ring)
                                (no ring)
                                (no ring)

@: lethally poisoned (0 -> -8), very slightly contaminated
A: almost no armour, stealthy swim, amphibious, 8 rings, constrict 8, camouflage
1, gelatinous body 1
a: no special abilities


You were on level 2 of the Dungeon.
You were not hungry.

You visited 1 branch of the dungeon, and saw 2 of its levels.

You collected 80 gold pieces.

Inventory:

Hand Weapons
 a - a +0 short sword (weapon)
Armour
 k - a +0 buckler (worn)
Jewellery
 d - an amulet of the gourmand (around mantle)
 g - an uncursed amulet of rage {unknown}
Scrolls
 e - 2 scrolls of remove curse {unknown}
 i - a scroll of teleportation {unknown}
 m - a scroll of fear {unknown}
Potions
 c - 3 potions of curing {unknown}
 h - a potion of haste {unknown}
 l - a potion of brilliance {unknown}
Books
 f - a Young Poisoner's Handbook

   Spells                             Type                      Level
   a - Sting                          Conjuration/Poison           1
   b - Mephitic Cloud                 Conjuration/Poison/Air       3
   c - Olgreb's Toxic Radiance        Poison                       4
   d - Alistair's Intoxication        Transmutation/Poison         5
   e - Venom Bolt                     Conjuration/Poison           5
Comestibles
 b - a bread ration
 j - a meat ration


   Skills:
 + Level 0.4 Fighting
 + Level 2.2 Dodging
 + Level 2.9 Stealth
 - Level 0.4 Unarmed Combat
 + Level 2.1 Spellcasting
 + Level 0.4 Conjurations
 + Level 5.4 Poison Magic


You had 2 spell levels left.
You knew the following spells:

 Your Spells              Type           Power        Failure   Level  Hunger
a - Sting                 Conj/Pois      ##..         12%         1    #......
b - Mephitic Cloud        Conj/Pois/Air  #.......     50%         3    ###....


Dungeon Overview and Level Annotations

Branches:
Dungeon (2/15)

Altars:
Xom


Innate Abilities, Weirdness & Mutations

You cannot wear most types of armour.
You are very stealthy in the water. (Stealth+)
You are amphibious.
You can wear up to eight rings at the same time.
You can use your tentacles to constrict eight enemies at once.
Your skin changes colour to match your surroundings (Stealth+).
Your rubbery body absorbs attacks. (AC +1, EV +1)


Message History

Nothing appears to happen.
The adder bites you. x2
You feel sick.
Take off which item? (? for menu, Esc to quit)
The adder barely misses you.
Keep disrobing? [Y]es or [N]o only, please.
Keep disrobing?
You start removing your armour.
You continue taking off your +0 buckler.
The adder barely misses you. The adder bites you.
You continue taking off your +0 buckler.
The adder bites you.
You continue taking off your +0 buckler.
You feel sick. The adder bites you.
* * * LOW HITPOINT WARNING * * *
You are lethally poisoned!
The adder poisons you!
You continue taking off your +0 buckler.
You block the adder's attack. The adder bites you.
You die...

###...### #.#.#.#..
#.......###.#......
#.#...#.##...##.# .
###.#...#.#.....#.##..^^
#.....................^_
..#.#.##.......)#......^
#.#.#.#.#..#...######...
.....).........S.# .
.........>.#####@#
#.#........# ##.##
..#........# ##...#
#.........## #....#
###.......# #....#
###.......# #.####
..........# #.#
####.....## #.## #
#.....# #..#


You could see an adder.

Vanquished Creatures
  A worm (D:2)
  A dart slug (D:2)
  A giant cockroach (D:1)
  A goblin (D:2)
  4 hobgoblins
  4 jackals (D:1)
  2 quokkas (D:2)
  2 bats
  A frilled lizard (D:2)
  3 kobolds (D:1)
  2 rats (D:1)
22 creatures vanquished.

Notes
Turn   | Place    | Note
-------+----------+-------------------------------------------
     0 | D:1      | dvd the Octopode Venom Mage began the quest for the Orb.
     0 | D:1      | Reached XP level 1. HP: 11/11 MP: 3/3
    55 | D:1      | Reached skill level 5 in Poison Magic
   244 | D:1      | Reached XP level 2. HP: 14/17 MP: 1/5
  1335 | D:2      | Reached XP level 3. HP: 19/22 MP: 0/6
  1343 | D:2      | Found a faded altar of an unknown god.
  1431 | D:2      | Learned a level 3 spell: Mephitic Cloud
  1582 | D:2      | Found a shimmering altar of Xom.
  1596 | D:2      | Slain by an adder

Skill      XL: |  1 |
---------------+----+-----
Poison Magic   | 5 |  5.4
Fighting       | |  0.4
Dodging        | |  2.2
Stealth        | |  2.9
Unarmed Combat | |  0.4
Spellcasting   | |  2.1
Conjurations   | |  0.4

Action                   || total
-------------------------++-------
Melee: Unarmed           ||    10
       Constrict         ||    10
       Tentacles         ||     3
       Short sword       ||    13
 Cast: Sting             ||    40
 Stab: Sleeping          ||     1
  Eat: Chunk             ||     4
Armor: Skin              ||     3
Dodge: Dodged            ||    13
Block: Buckler           ||     1
